 Dungeon Crawl Stone Soup version 0.29-a0-824-gd827844252 (webtiles) character file.

Game seed: 13858937706142042770

1 gobodom the Digger (level 1, 0/13 HPs)
             Began as a Demonspawn Earth Elementalist on July 11, 2022.
             Slain by a giant cockroach (1 damage)
             ... on level 1 of the Dungeon.
             The game lasted 00:00:28 (71 turns).

gobodom the Digger (Demonspawn Earth Elementalist)    Turns: 71, Time: 00:00:29

Health: 0/13       AC:  2    Str:  8    XL:     1   Next: 16%
Magic:  2/3        EV: 12    Int: 16    God:
Gold:   0          SH:  0    Dex: 13    Spells: 3/4 levels left

rFire   . . .      SeeInvis .   (no weapon)
rCold   . . .      Faith    .   (no shield)
rNeg    . . .      Spirit   .   a - +0 robe
rPois   .          Reflect  .   (no helmet)
rElec   .          Harm     .   (no cloak)
rCorr   .          Rampage  .   (no gloves)
Will    .....                   (no boots)
Stlth   ++........              (no amulet)
HPRegen 0.04/turn               (no ring)
MPRegen 0.08/turn               (no ring)

@: no status effects
A: no striking features
a: no special abilities


You were on level 1 of the Dungeon.
You visited 1 branch of the dungeon, and saw 1 of its levels.

Inventory:

Armour
 a - a +0 robe (worn)
Scrolls
 c - a scroll of fog {unknown}


   Skills:
 + Level 1.7 Dodging
 + Level 1.9 Stealth
 + Level 2.0 Spellcasting
 + Level 0.8 Transmutations
 + Level 2.6 Earth Magic


You had 3 spell levels left.
You knew the following spells:

 Your Spells              Type           Power      Damage    Failure   Level
a - Sandblast             Erth           20%        2d7       7%          1

Your spell library contained the following spells:

 Spells                   Type           Power      Damage    Failure   Level
 Passwall                 Tmut/Erth      5%         N/A       16%         2
 Stone Arrow              Conj/Erth      10%        3d7       34%         3
 Petrify                  Tmut/Erth      7%         N/A       69%         4


Dungeon Overview and Level Annotations

Branches:
Dungeon (1/15)

Altars:


Message History

The bat hits you but does no damage. The dart slug bites you.
You hit the dart slug.
The dart slug is severely wounded.
The dart slug barely misses you. The bat barely misses you.
You hit the bat. You punch the bat.
The bat is heavily wounded.
The bat completely misses you. x2; The dart slug closely misses you.
A hobgoblin comes into view.
The hobgoblin shouts!
You hit the dart slug but do no damage.
The dart slug is severely wounded.
You hear a shout!
The giant cockroach bites you. The hobgoblin closely misses you.
You hit the dart slug but do no damage.
The dart slug is severely wounded.
The giant cockroach closely misses you. The dart slug launches a dart at you.
The slug dart hits you. The hobgoblin closely misses you.
You hit the dart slug but do no damage.
The dart slug is severely wounded.
The giant cockroach bites you.
* * * LOW HITPOINT WARNING * * *
The dart slug bites you.
* * * LOW HITPOINT WARNING * * *
The hobgoblin misses you. Magic courses through your body.
The giant cockroach misses you.
A bat comes into view.
A goblin comes into view. It is wielding a +0 dagger.
The hobgoblin barely misses you.
Casting: Sandblast (safe; 7% risk of failure)
Confirm with . or Enter, or press ? or * to list all spells.
Aiming: Sandblast (safe; 7% risk of failure)
Press: ? - help, Shift-Dir - straight line, f/p - dart slug
Aim: a dart slug (severely wounded, 100% to hit)
The blast of sand hits the dart slug!
You kill the dart slug!
The bat hits you.
* * * LOW HITPOINT WARNING * * *
The giant cockroach barely misses you. The giant cockroach bites you.
You die...

#####.#.# #.....
######.#.######..###
$............>#..# #
..###.#...##.#..# # #
.......#.##.#(.# # ..
#..#.....†..#..# .
#.###..#...#..........
#..gg#.#...#..........
#...†@..#.##..........
#...B##.#.............
#...b #..###........
#.....b ##.# #........
###...g #.# #........
##... #.# #........
#... ... #.#.#####
#... #.. #.#.# #...
.#.#


You could see a giant cockroach, 2 hobgoblins, a goblin and 2 bats.

Vanquished Creatures
  A dart slug (D:1)
  A ball python (D:1)
2 creatures vanquished.

Notes
Turn   | Place    | Note
-------+----------+-------------------------------------------
     0 | D:1      | gobodom the Demonspawn Earth Elementalist began the quest
                  | for the Orb.
     0 | D:1      | Reached XP level 1. HP: 13/13 MP: 3/3
    71 | D:1      | Slain by a giant cockroach

Illustrated notes

Levels and vault maps discovered:
D:1:      tarquinn_simple_flora_water_a, layout_basic, serial_bayou_pond_b,
          minmay_tetromino_t2

Action                   || total
-------------------------++-------
Melee: Unarmed           ||    10
       Punch             ||     1
 Cast: Sandblast         ||     4
  Use: Potion            ||     1
Armor: Robe              ||     1
Dodge: Dodged            ||    16

Table legend: (Time is in decaauts)
 A = Elapsed time spent in this place.
 B = Non-inter-level travel time spent in this place.
 C = Inter-level travel time spent in this place.
 D = Time resting spent in this place.
 E = Time spent auto-exploring this place.
 F = Levels seen in this place.
 G = Mean time per level.
                   A        B        C        D        E       F      G
               +--------+--------+--------+--------+--------+-----+--------+
         Total |     75 |     75 |      0 |      0 |     50 |   1 |   75.0 |
       Dungeon |     75 |     75 |      0 |      0 |     50 |   1 |   75.0 |
               +--------+--------+--------+--------+--------+-----+--------+

Top non-repeatable levels by time:
     D:1: 75 daAuts
